Map: Infestation

Players

Grumm

  • Race: Zerg Zerg
  • League: Gold
  • Spawn Location: 9:00

Paint

  • Race: Terran Terran
  • League: Gold
  • Spawn Location: 9:00

Bonitão

  • Race: Zerg Zerg
  • League: Gold
  • Spawn Location: 3:00

Frosty

  • Race: Protoss Protoss
  • Spawn Location: 3:00

VOD

Have the link to the VOD?

Description

Time

  • Played on: Jan. 23, 2016, 4:28 p.m.
  • Length: 5:52
Show
View Real Time Build Order
Export as new Build Order

Grumm Zerg 

Build Orders: Pool First 

Get SALT Encoding   

  12  0:01  Drone  
  13  0:08  Drone  
  14  0:17  Overlord  
  14  0:29  Extractor  
  14  0:30  Drone  
  15  0:45  Spawning Pool  
  15  0:47  Drone x2  
  17  0:50  Drone  
  17  1:16  Drone  
  17  1:17  Hatchery  
  17  1:23  Extractor  
  16  1:27  Extractor  
  16  1:31  Overlord  
  15  1:36  Queen  
  17  1:52  Drone x3  
  20  2:12  Zergling x2  
  21  2:21  Lair  
  21  2:22  Overlord  
  21  2:29  Evolution Chamber  
  20  2:36  Evolution Chamber  
  19  2:42  Queen  
  21  2:54  Drone  
  21  2:56  Drone  
  23  2:58  Extractor  
  22  3:14  Drone  
  22  3:15  Drone x2  
  25  3:24  Overlord  
  25  3:42  Hydralisk Den  
  24  3:52  Zergling x10  
  29  4:09  Drone  
  30  4:10  Drone x3  
  33  4:27  Hydralisk x2  
  36  4:43  Spine Crawler  
  35  4:45  Spine Crawler  
  35  4:47  Spine Crawler  
  26  5:03  Hydralisk x2  
  30  5:10  Spine Crawler  
Show
View Real Time Build Order
Export as new Build Order

Paint Terran 

Build Orders: Reaper Expand 

Get SALT Encoding   

  12  0:00  SCV  
  13  0:14  SCV  
  14  0:22  Supply Depot  
  14  0:30  Refinery, SCV  
  15  0:45  Barracks  
  15  0:46  SCV  
  16  0:59  Barracks  
  16  1:03  SCV  
  17  1:19  SCV  
  18  1:36  SCV  
  18  1:38  Reaper  
  20  1:52  Command Center  
  20  1:54  Reaper  
  20  2:00  SCV  
  22  2:09  Refinery  
  22  2:12  SCV  
  23  2:22  Supply Depot  
  23  2:35  Orbital Command  
  23  2:43  Reaper x2  
  25  3:15  Reaper  
  25  3:16  Reaper  
  25  3:35  Engineering Bay, SCV  
  25  3:36  SCV  
  27  3:42  Factory  
  27  3:44  Barracks  
  27  3:47  SCV  
  27  3:48  SCV  
  29  4:01  Marine x2  
  29  4:09  Supply Depot, SCV x2  
  31  4:12  Missile Turret  
  31  4:16  Missile Turret  
  31  4:17  Refinery  
  31  4:19  Refinery  
  31  4:20  Barracks Tech Lab  
  28  4:50  Widow Mine, Marine x2  
  31  5:04  SCV  
  32  5:07  Marine  
  32  5:08  Marine  
  18  5:16  SCV  
  18  5:25  Marine  
  14  5:38  SCV  
Show
View Real Time Build Order
Export as new Build Order

Bonitão Zerg 

Build Orders: Hatch First 

Get SALT Encoding   

  12  0:02  Drone  
  13  0:10  Drone  
  14  0:30  Extractor  
  14  0:31  Drone x2, Extractor  
  16  0:50  Hatchery, Overlord  
  15  1:06  Extractor  
  15  1:10  Spawning Pool  
  13  1:13  Drone  
  13  1:16  Drone  
  15  1:20  Drone  
  16  1:26  Drone  
  17  1:37  Drone  
  18  1:46  Drone  
  19  1:58  Zergling x2  
  19  1:59  Queen  
  22  2:02  Zergling x2  
  22  2:03  Queen  
  25  2:09  Metabolic Boost  
  25  2:14  Zergling x2  
  26  2:17  Drone  
  27  2:26  Zergling x2  
  28  2:43  Overlord  
  28  2:47  Extractor  
  28  2:48  Evolution Chamber, Drone x2  
  28  2:50  Evolution Chamber  
  27  3:14  Zerg Melee Weapons Level 1  
  27  3:17  Zergling x14  
  33  3:30  Zergling x4  
  35  3:34  Overlord  
  35  3:42  Zerg Ground Armor Level 1  
  35  4:02  Zergling x8  
  39  4:03  Zergling x6  
  39  4:08  Drone  
  43  4:11  Extractor  
  42  4:21  Baneling Nest  
  41  4:37  Zergling x2  
  41  4:38  Zergling x2  
  39  5:22  Zergling x2  
  39  5:23  Zergling x8  
  43  5:40  Drone  
  44  5:51  Hatchery  
Show
View Real Time Build Order
Export as new Build Order

Frosty Protoss 

Build Orders:  

Get SALT Encoding   

  12  0:02  Probe (Chrono Boost)  
  13  0:12  Probe (Chrono Boost)  
  14  0:20  Pylon  
  14  0:23  Probe (Chrono Boost)  
  15  0:29  Assimilator  
  15  0:38  Probe (Chrono Boost)  
  16  0:44  Gateway  
  16  0:49  Probe (Chrono Boost)  
  17  0:57  Assimilator  
  17  1:00  Probe (Chrono Boost)  
  18  1:10  Probe (Chrono Boost)  
  19  1:21  Probe (Chrono Boost)  
  20  1:31  Probe (Chrono Boost)  
  21  1:33  Gateway  
  21  1:35  Pylon  
  21  1:42  Probe (Chrono Boost)  
  22  1:52  Probe (Chrono Boost)  
  23  2:14  Cybernetics Core  
  23  2:35  Cybernetics Core, Nexus  
  23  2:39  Gateway  
  23  2:41  Pylon  
  23  2:49  Pylon  
  23  2:52  Warp Gate (Chrono Boost)  
  19  3:18  Stalker  
  16  3:38  Probe  
  17  3:50  Probe  
  17  4:02  Probe  
  18  4:03  Probe  
  19  4:14  Probe x2  
  21  4:24  Probe  
  21  4:25  Twilight Council  
  21  4:26  Probe  
  23  4:38  Probe  
  23  4:49  Probe  
  23  4:50  Probe  
  25  4:58  Forge  
  25  5:00  Probe  
  25  5:01  Pylon  
  25  5:02  Probe  
  27  5:10  Probe  
  28  5:14  Probe  
  28  5:21  Probe  
  30  5:29  Probe  
  30  5:31  Probe  
  32  5:37  Assimilator  
  33  5:43  Assimilator  
  33  5:44  Photon Cannon  
  33  5:49  Stalker  
Tags
 
Add a new tag
Caveats
  • Supply blocks, unpowered buildings, or Contaminate may cause inaccurate times.
  • Supply counts are checked every 10 seconds.